 Dungeon Crawl Stone Soup version 0.28-a0-1356-g2ad6d04315 (webtiles) character file.

Game seed: 1926433870506895538

208 Radix the Covered (level 5, -3/47 HPs)
             Began as a Minotaur Fighter on Dec 31, 2021.
             Killed by nerve-wracking pain
             ... invoked by an orc priest
              (14 damage)
             ... on level 4 of the Dungeon.
             The game lasted 00:30:41 (3524 turns).

Radix the Covered (Minotaur Fighter)                Turns: 3524, Time: 00:30:42

Health: -3/47      AC:  9    Str: 22    XL:     5   Next: 55%
Magic:  4/4        EV:  8    Int:  5    God:
Gold:   26         SH:  5    Dex: 16    Spells: 4/4 levels left

rFire   . . .      SeeInvis .   a - +0 war axe
rCold   . . .      Faith    .   c - +0 buckler
rNeg    . . .      Spirit   .   g - +0 chain mail
rPois   .          Reflect  .   (helmet restricted)
rElec   .          Harm     .   (no cloak)
rCorr   .          Rampage  .   (no gloves)
Will    .....                   (no boots)
Stlth   ..........              (no amulet)
HPRegen 0.15/turn               r - +6 ring of dexterity
MPRegen 0.09/turn               (no ring)

@: mighty
A: horns 2, retaliatory headbutt
a: no special abilities


You were on level 4 of the Dungeon.
You visited 1 branch of the dungeon, and saw 4 of its levels.

You collected 66 gold pieces.
You spent 40 gold pieces at shops.

Inventory:

Hand Weapons
 a - a +0 war axe (weapon)
Missiles
 e - 16 arrows
 h - 13 poisoned darts (quivered)
Armour
 c - a +0 buckler (worn)
 g - a +0 chain mail (worn)
 p - an orb of mayhem
Jewellery
 r - a +6 ring of dexterity (left hand)
Wands
 s - a wand of polymorph (1)
Scrolls
 b - a scroll of enchant weapon {unknown}
 f - a scroll of noise {unknown}
 i - a scroll of immolation {unknown}
 k - a scroll of amnesia {unknown}
 l - 5 scrolls of identify
 o - a scroll of fear {unknown}
 q - a scroll of vulnerability {unknown}
 t - a scroll of holy word {unknown}
Potions
 j - 2 potions of flight {unknown}
 m - a potion of ambrosia {unknown}
 n - a potion of curing {unknown}
 u - a potion of berserk rage {unknown}


   Skills:
 + Level 4.8 Fighting
 + Level 4.4 Axes
 + Level 5.1 Armour
 + Level 4.4 Shields


You had 4 spell levels left.
You didn't know any spells.
Your spell library contained the following spells:

 Spells                   Type           Power      Damage    Failure   Level
 Ensorcelled Hibernation  Hex/Ice        0%         N/A       99%         2
 Spider Form              Tmut/Pois      0%         N/A       100%        3
 Summon Guardian Golem    Hex/Summ       0%         N/A       100%        3
 Orb of Destruction       Conj           0%         N/A       100%        7
 Spellforged Servitor     Conj/Summ      0%         N/A       100%        7


Dungeon Overview and Level Annotations

Branches:
Dungeon (4/15)
 Temple: D:4-7

Altars:
Ru

Shops:
D:2 *   D:3 ?


Innate Abilities, Weirdness & Mutations

You have a pair of horns on your head.
You reflexively headbutt those who attack you in melee.


Message History

You slash the orc!
You kill the orc!
You hit something. You slash the orc!
You kill the orc!
The orc priest closely misses you. You block something's attack.
You hit the orc. You headbutt the orc.
You kill the orc!
You closely miss something.
The orc priest hits you from afar with a +0 trident.
Something hits you but does no damage. You block the orc priest's attack.
You barely miss something. Your headbutt misses something.
You hear some strange, mumbled words.
A puff of flame appears from out of thin air!
The puff of flame misses you. You block the orc priest's attack.
Something hits you.
You slash something!
The orc priest begins to cast a cantrip, but forgets the words!
Something hits you.
You barely miss something.
The orc priest hits you but does no damage.
Something hits you.
* * * LOW HITPOINT WARNING * * *
You miss something. You block the orc priest's attack.
Something hits you but does no damage. The orc priest barely misses you.
Something hits you but does no damage. You block the orc priest's attack.
Something hits you but does no damage.
Items here: )))) [[[[ †.
You closely miss the orc priest. You slash something!
Reactivating autopickup.
You feel a bit more experienced. You block the orc priest's attack.
You barely miss the orc priest. Your headbutt misses the orc priest.
The orc priest hits you with a +0 trident.
* * * LOW HITPOINT WARNING * * *
You barely miss the orc priest. Your headbutt misses the orc priest.
You hear the slow hiss of an avalanche of sand nearby.
You block the orc priest's attack.
You closely miss the orc priest. The orc priest barely misses you.
The orc priest mumbles some strange prayers to Beogh against you.
Pain shoots through your body!
You die...

### ##..# .##....
######
..##...###....##
.$......#......#
........)<)))..##
##........@.....#
#.....>..o##...##
.....#....##..##
.....#....#####
..........# #
.....#....#.###
...$##..._.o..#
....#...##...##
......... .oo?.#


You could see an orc priest.

Vanquished Creatures
  Ijyb (D:3)
  2 orc wizards (D:4)
  4 adders
  2 worms (D:3)
  2 dart slugs (D:1)
  11 orcs
  5 bats
  2 endoplasms
  3 giant cockroaches
  10 goblins
  5 hobgoblins
  5 jackals
  A quokka (D:2)
  3 ball pythons
  8 frilled lizards
  6 kobolds
  6 rats
76 creatures vanquished.

Vanquished Creatures (others)
  A fungus (D:1)
1 creature vanquished.

Grand Total: 77 creatures vanquished

Notes
Turn   | Place    | Note
-------+----------+-------------------------------------------
     0 | D:1      | Radix the Minotaur Fighter began the quest for the Orb.
     0 | D:1      | Reached XP level 1. HP: 19/19 MP: 0/0
   320 | D:1      | Reached XP level 2. HP: 27/27 MP: 1/1
   419 | D:1      | Reached skill level 4 in Armour
   974 | D:1      | Reached XP level 3. HP: 33/33 MP: 2/2
  1244 | D:2      | Found Sian's General Store.
  1926 | D:2      | Reached XP level 4. HP: 35/41 MP: 3/3
  2463 | D:3      | Noticed Ijyb
  2468 | D:3      | Paralysed by Ijyb for 2 turns
  2478 | D:3      | Killed Ijyb
  3061 | D:3      | Reached XP level 5. HP: 47/47 MP: 4/4
  3103 | D:3      | Found Ashryzaar's Magic Scroll Boutique.
  3117 | D:3      | Bought a scroll of identify for 20 gold pieces
  3117 | D:3      | Bought a scroll of identify for 20 gold pieces
  3477 | D:4      | Found a sacrificial altar of Ru.
  3514 | D:4      | Reached skill level 5 in Armour
  3524 | D:4      | Killed from afar by an orc priest

Illustrated notes

Levels and vault maps discovered:
D:1:      dpeg_cavernosity, layout_basic, minivault_23, grunt_decor_mini_mirrors
D:2:      layout_loops_corners, serial_shops, nicolae_shop_waterfront
D:3:      layout_basic, amethyst_overflow_temple_binary, serial_shops,
          nicolae_square_shop, uniq_ijyb
D:4:      layout_cave_pools, overflow_temple_1_default, dancing_weapons_uskayaw,
          enter_ossuary_3

Skill      XL: |  1  2  3  4  5 |
---------------+----------------+-----
Fighting       | 4 |  4.8
Armour         | 4 5 |  5.1
Shields        | 4 |  4.4
Axes           | 3 4 |  4.4

Action                   |  1- 3 |  4- 6 || total
-------------------------+-------+-------++-------
Melee: War axe           |    78 |    76 ||   154
       Headbutt          |     9 |    17 ||    26
Throw: Dart              |     3 |       ||     3
  Use: Potion            |       |     1 ||     1
Armor: Chain mail        |    33 |    46 ||    79
       Scale mail        |     5 |       ||     5
       Skin              |       |     1 ||     1
Dodge: Dodged            |    28 |    23 ||    51
Block: Buckler           |    18 |    25 ||    43

Table legend: (Time is in decaauts)
 A = Elapsed time spent in this place.
 B = Non-inter-level travel time spent in this place.
 C = Inter-level travel time spent in this place.
 D = Time resting spent in this place.
 E = Time spent auto-exploring this place.
 F = Levels seen in this place.
 G = Mean time per level.
                   A        B        C        D        E       F      G
               +--------+--------+--------+--------+--------+-----+--------+
         Total |   3575 |   3575 |      0 |    670 |    977 |   4 |  893.8 |
       Dungeon |   3575 |   3575 |      0 |    670 |    977 |   4 |  893.8 |
               +--------+--------+--------+--------+--------+-----+--------+

Top non-repeatable levels by time:
     D:2: 1255 daAuts
     D:1: 1221 daAuts
     D:3: 1048 daAuts
     D:4: 51 daAuts
